 Dungeon Crawl Stone Soup version 0.25-a0-435-g4b9beb1024 (webtiles) character file.

Game seed: 3909898739223338978, levelgen mode: deterministic

1337 Elellon the Thaumaturge (level 8, -3/41 HPs)
             Began as a Deep Elf Conjurer on Jan 27, 2020.
             Was a Follower of Vehumet.
             Slain by an orc warrior
             ... wielding a cursed +0 war axe
              (27 damage)
             ... on level 6 of the Dungeon.
             The game lasted 00:10:35 (8036 turns).

Elellon the Thaumaturge (Deep Elf Conjurer)         Turns: 8036, Time: 00:10:35

Health: -3/41      AC:  2    Str:  7    XL:     8   Next: 35%
Magic:  3/23       EV: 13    Int: 21    God:    Vehumet [*.....]
Gold:   375        SH:  0    Dex: 15    Spells: 19/26 levels left

rFire    . . .     SeeInvis .   g - +1 short sword
rCold    . . .     Gourm    .   (no shield)
rNeg     . . .     Faith    .   a - +0 robe
rPois    .         Spirit   .   (no helmet)
rElec    .         Reflect  .   (no cloak)
rCorr    .         Harm     .   (no gloves)
MR       .....                  (no boots)
Stlth    ++........             (no amulet)
HPRegen  0.13/turn              (no ring)
MPRegen  0.18/turn              (no ring)

@: no status effects
A: no striking features
a: Renounce Religion


You were on level 6 of the Dungeon.
You worshipped Vehumet.
Vehumet was aware of your devotion.
You were not hungry.

You visited 2 branches of the dungeon, and saw 7 of its levels.

You collected 375 gold pieces.

Inventory:

Hand Weapons
 g - a +1 short sword (weapon)
Armour
 a - a +0 robe (worn)
Wands
 s - a wand of disintegration (15)
 u - a wand of acid (10)
Scrolls
 e - 2 scrolls of immolation
 f - 5 scrolls of teleportation
 i - 9 scrolls of remove curse
 k - 2 scrolls of enchant weapon
 m - a scroll of enchant armour {unknown}
 q - 4 scrolls of identify
 t - 2 scrolls of fear {unknown}
 v - 2 scrolls of blinking {unknown}
 y - 2 scrolls of magic mapping
 B - a scroll of amnesia
Potions
 b - 2 potions of degeneration {unknown}
 d - a potion of resistance {unknown}
 h - 3 potions of lignification {unknown}
 j - 3 potions of heal wounds {unknown}
 l - 2 potions of curing {unknown}
 n - 3 potions of might {unknown}
 o - 2 potions of invisibility {unknown}
 p - a potion of cancellation {unknown}
 r - 3 potions of flight {unknown}
 w - 5 potions of agility {unknown}
 x - a potion of berserk rage {unknown}
 A - a potion of haste {unknown}
Comestibles
 c - 15 rations
 z - 10 chunks of flesh


   Skills:
 - Level 2.4 Dodging
 - Level 2.4 Stealth
 + Level 9.9 Spellcasting
 + Level 9.1 Conjurations


You had 19 spell levels left.
You knew the following spells:

 Your Spells              Type           Power        Failure   Level  Hunger
a - Magic Dart            Conj           ####         1%          1    None
b - Searing Ray           Conj           #####.       1%          2    None
c - Iskenderun's Mystic   Conj/Tloc      ####....     10%         4    ##.....

Your spell library contained the following spells:

 Spells                   Type           Power        Failure   Level  Hunger
 Foxfire                  Conj/Fire      ####         1%          1    None
 Dazzling Flash           Conj/Hex       ####..       3%          3    None
 Fulminant Prism          Conj/Hex       ####......   10%         4    ##.....


Dungeon Overview and Level Annotations

Branches:
Dungeon (6/15)             Temple (1/1) D:4

Altars:
Ashenzari
Dithmenos
Elyvilon
Fedhas
Kikubaaqudgha
Makhleb
Nemelex Xobeh
Qazlal
Ru
Trog
Vehumet
Wu Jian
Xom
Yredelemnul
Zin
The Shining One

Shops:
D:5 (


Message History

You erupt in a blast of force!
The mystic blast hits the orc warrior.
The orc warrior is moderately wounded.
The orc warrior is knocked back by the mystic blast.
Casting: Iskenderun's Mystic Blast (safe; 10% risk of failure)
Confirm with . or Enter, or press ? or * to list all spells.
Aiming: Searing Ray (safe; 1% risk of failure)
Press: ? - help, Shift-Dir - straight line, f/p - orc warrior
Aim: an orc warrior, wielding a +0 war axe and wearing a cursed +0 chain mail (moderately wounded)
The searing ray hits the orc warrior!
The orc warrior is severely wounded. (Press . to maintain the ray.)
The searing ray hits the orc warrior.
The orc warrior is severely wounded.
The searing ray hits the orc!
You kill the orc!
Vehumet accepts your kill.
You feel your power returning.
The orc warrior hits you with a cursed +0 war axe!!
Ouch! That really hurt!
You die...

.......... #.....# .####
.......... #♣...♣# .....
+##).....# #.....# ....#
#......# #♣...♣# ...#
#......#####'####..#
+##......##......#.).#
.........##......#...#
..........'......o...#
.........##....)@#...##
.........+............#
.........##......#.....#
.....##..................
.........#........#####.#
...................####+###
...........................
...........###.....#..(....
.........#..#..............


You could see an orc warrior.

Vanquished Creatures
  An orc warrior (D:5)
  An ogre (D:5)
  2 necrophages
  2 centaurs (D:5)
  5 scorpions (D:5)
  2 crimson imps
  A jelly (D:5)
  A hound (D:3)
  An orc priest (D:6)
  A bullfrog skeleton (D:6)
  3 orc wizards
  2 worker ants
  A hound zombie (D:6)
  3 gnolls (D:4)
  9 adders
  A shadow imp (D:6)
  4 oozes
  An adder zombie (D:5)
  2 adder skeletons (D:4)
  A worm (D:4)
  5 dart slugs
  5 leopard geckos
  17 orcs
  4 giant cockroaches
  7 goblins
  7 hobgoblins
  16 jackals
  2 quokkas
  7 bats
  5 frilled lizards
  9 kobolds
  5 rats
133 creatures vanquished.

Vanquished Creatures (others)
  A fungus (D:5)
1 creature vanquished.

Grand Total: 134 creatures vanquished

Notes
Turn   | Place    | Note
-------+----------+-------------------------------------------
     0 | D:1      | Elellon the Deep Elf Conjurer began the quest for the Orb.
     0 | D:1      | Reached XP level 1. HP: 10/10 MP: 6/6
   207 | D:1      | Reached XP level 2. HP: 15/15 MP: 3/8
   900 | D:1      | Reached XP level 3. HP: 19/19 MP: 8/10
   950 | D:1      | Reached skill level 5 in Conjurations
  1710 | D:2      | Learned a level 2 spell: Searing Ray
  1944 | D:2      | Reached XP level 4. HP: 24/24 MP: 8/12
  2199 | D:2      | Reached skill level 5 in Spellcasting
  2729 | D:3      | Found a stormy altar of Qazlal.
  2941 | D:3      | Reached XP level 5. HP: 28/28 MP: 12/14
  3160 | D:3      | Found a white marble altar of Elyvilon.
  3509 | D:3      | Found a sparkling altar of Nemelex Xobeh.
  3509 | D:3      | Found a blossoming altar of Fedhas.
  3795 | D:4      | Learned a level 4 spell: Iskenderun's Mystic Blast
  3948 | D:4      | Found a staircase to the Ecumenical Temple.
  3957 | Temple   | Entered the Ecumenical Temple
  3970 | Temple   | Became a worshipper of Vehumet
  4587 | D:5      | Entered Level 5 of the Dungeon
  4587 | D:5      | Noticed an orc warrior
  4592 | D:5      | Noticed a centaur
  4596 | D:5      | Killed an orc warrior
  4596 | D:5      | Reached XP level 6. HP: 25/32 MP: 6/17
  5628 | D:5      | Reached XP level 7. HP: 36/36 MP: 16/19
  6881 | D:5      | Found Pohofoteh's Antique Weapon Boutique.
  7125 | D:5      | Found the +7 Singing Sword {vorpal, sonic wave}
  7243 | D:5      | Reached XP level 8. HP: 41/41 MP: 18/23
  7292 | D:5      | Reached * piety under Vehumet
  7292 | D:5      | Offered knowledge of Shock by Vehumet.
  7395 | D:6      | Found a shimmering altar of Xom.
  7458 | D:6      | Found a blossoming altar of Fedhas.
  7537 | D:6      | Found a shadowy altar of Dithmenos.
  7537 | D:6      | Found a sacrificial altar of Ru.
  7983 | D:6      | Found a glowing golden altar of the Shining One.
  8033 | D:6      | Offered knowledge of Foxfire by Vehumet.
  8036 | D:6      | Slain by an orc warrior

Levels and vault maps discovered:
D:1:      minmay_arrival_four_loops, layout_basic, minmay_strange_pillars
D:2:      layout_basic, minmay_pentomino_t2
D:3:      layout_loops_corners, lemuel_crystal_altar,
          gammafunk_temple_overflow_statue, first_ration, elyvilon_altar_3
D:4:      layout_cave_pools, minmay_temple_entry_trees
D:5:      old_forge, layout_loops_ring, serial_shops, kennysheep_mini_moat
D:6:      layout_basic, tso_altar, chequers_temple_overflow_statue_of_worship,
          basic_altar, grunt_ministairs_7, fedhas_altar_2
Temple:   eino_temple_lava

Skill      XL: |  1  2  3  4  5  6  7  8 |
---------------+-------------------------+-----
Spellcasting   | 4 5 6 7 9 |  9.9
Conjurations   | 5 6 7 8 9 |  9.1
Dodging        | |  2.4
Stealth        | |  2.4

Action                   |  1- 3 |  4- 6 |  7- 9 || total
-------------------------+-------+-------+-------++-------
 Cast: Magic Dart        |    84 |    56 |    46 ||   186
       Searing Ray       |     1 |    22 |    28 ||    51
       Iskenderun's Myst |       |       |     4 ||     4
  Use: Scroll            |       |     7 |       ||     7
  Eat: Chunk             |     3 |     7 |     8 ||    18
       Ration            |       |     1 |       ||     1
Armor: Robe              |     2 |     2 |     2 ||     6
Dodge: Dodged            |     5 |    15 |     9 ||    29

Table legend:
 A = Non-vault XP
 B = Vault XP
 C = Vault XP percentage of total XP
 D = Non-vault monster count
 E = Vault monster count
 F = Vault count percentage of total count
                 A         B        C        D         E       F
            +---------+---------+-------+---------+---------+-------
      Total |    1504 |     406 |  21.3 |     119 |      14 |  10.5
            +---------+---------+-------+---------+---------+-------
        D:1 |      50 |       0 |   0.0 |      23 |       0 |   0.0
        D:2 |      82 |       4 |   4.7 |      21 |       1 |   4.5
        D:3 |      81 |       0 |   0.0 |      21 |       0 |   0.0
        D:4 |     112 |       0 |   0.0 |      11 |       0 |   0.0
        D:5 |     761 |     402 |  34.6 |      16 |      13 |  44.8
        D:6 |     418 |       0 |   0.0 |      27 |       0 |   0.0
            +---------+---------+-------+---------+---------+-------
